 Dungeon Crawl Stone Soup version 0.27-a0-1200-g94dc6ad (webtiles) character file.

Game seed: 6879957423106168005

65 Meow the Stinger (level 4, 36/36 HPs)
             Began as a Naga Venom Mage on June 1, 2021.
             Quit the game on level 2 of the Dungeon.
             The game lasted 00:04:27 (1313 turns).

Meow the Stinger (Naga Venom Mage)                  Turns: 1313, Time: 00:04:27

Health: 36/36      AC:  3    Str: 11    XL:     4   Next: 14%
Magic:  6/8        EV:  9    Int: 16    God:
Gold:   53         SH:  0    Dex: 11    Spells: 2/9 levels left

rFire    . . .     SeeInvis +   a - +0 dagger (drain)
rCold    . . .     Faith    .   (no shield)
rNeg     . . .     Spirit   .   b - +0 robe
rPois    +         Reflect  .   (no helmet)
rElec    .         Harm     .   (no cloak)
rCorr    .         Rampage  .   g - +0 pair of gloves
Will     .....                  (no barding)
Stlth    ++........             (no amulet)
HPRegen  0.12/turn              (no ring)
MPRegen  0.11/turn              (no ring)

@: short of breath, very slow
A: AC +1, large, see invisible, deformed body, poison resistance, slowness 2,
spit poison 1, naga tail 1
a: Spit Poison


You were on level 2 of the Dungeon.
You visited 1 branch of the dungeon, and saw 2 of its levels.

You collected 53 gold pieces.

Inventory:

Hand Weapons
 a - a +0 dagger of draining (weapon)
 d - a +0 dagger
 h - a +0 whip of flaming
Missiles
 c - 19 bolts
Armour
 b - a +0 robe (worn)
 g - a +0 pair of gloves (worn)
Magical Staves
 i - a staff of cold
Scrolls
 e - a scroll of teleportation {unknown}
Potions
 f - 2 potions of cancellation {unknown}


   Skills:
 - Level 1.5 Dodging
 - Level 3.0 Stealth
 + Level 3.1 Spellcasting
 + Level 2.4 Conjurations
 - Level 1.0 Transmutations
 - Level 4.0 Poison Magic


You had 2 spell levels left.
You knew the following spells:

 Your Spells              Type           Power      Damage    Failure   Level
a - Sting                 Tmut/Pois      40%        1d5       7%          1
c - Mephitic Cloud        Conj/Pois/Air  9%         N/A       22%         3
C - Ignite Poison         Fire/Tmut/Pois 7%         N/A       28%         3

Your spell library contained the following spells:

 Spells                   Type           Power      Damage    Failure   Level
 Poisonous Vapours        Pois/Air       16%        N/A       12%         2
 Olgreb's Toxic Radiance  Pois           15%        N/A       34%         4


Dungeon Overview and Level Annotations

Branches:
Dungeon (2/15)

Altars:

Shops:
D:1 =


Innate Abilities, Weirdness & Mutations

Your serpentine skin is tough. (AC +1)
You have supernaturally acute eyesight. (SInv)
Armour fits poorly on your strangely shaped body.
Your system is resistant to poisons. (rPois)
You cover ground very slowly.
You can spit poison.
You have a snake-like lower body.


Message History

You kill the endoplasm!
You start resting.
You have got your breath back.
You start resting.
Magic restored.
Found a stone staircase leading up.
Press: ? - help, Shift-Dir - straight line, f - you
Okay, then.
Press: ? - help, Shift-Dir - straight line, f - dart slug
Aim: a dart slug (asleep)
The splash of poison hits the dart slug!
The dart slug is poisoned.
You kill the dart slug!
You have got your breath back.
You now have 53 gold pieces (gained 9).
A bat comes into view.
Press: ? - help, Shift-Dir - straight line, f - bat
Aim: a bat (asleep)
The splash of poison hits the bat!
The bat is poisoned.
You kill the bat!
Unknown command.
You start waiting.
You have got your breath back.
An adder comes into view.
Found 12 gold pieces and an orange potion.
Press: ? - help, Shift-Dir - straight line, f - adder
Aim: an adder (asleep)
The splash of poison hits the adder!
The adder is severely wounded.
The adder hisses angrily.
Casting: Sting (safe; 7% risk of failure)
Confirm with . or Enter, or press ? or * to list all spells.
Aiming: Sting (safe; 7% risk of failure)
Press: ? - help, Shift-Dir - straight line, f/p - adder
Aim: an adder (severely wounded, 53% to hit)
The sting hits the adder.
The adder is poisoned.
You kill the adder!
You have reached level 4!
You feel stronger.
Are you sure you want to abandon this character and quit the game? (Confirm with "yes".)

####.# ###
#.# ...######
#.# .......!#
#.# ........#
#.# #.......#
#.#
#$.....†###.#
#.........#.#
#...†..@....#
#.........###
#.......###
....##### ###


There were no monsters in sight!

Vanquished Creatures
  A gnoll (D:1)
  2 adders (D:2)
  4 dart slugs
  3 bats
  3 endoplasms
  2 hobgoblins
  3 jackals (D:1)
  A kobold (D:1)
  3 ball pythons (D:1)
  A frilled lizard (D:1)
  4 goblins (D:1)
  3 rats (D:1)
30 creatures vanquished.

Notes
Turn   | Place    | Note
-------+----------+-------------------------------------------
     0 | D:1      | Meow the Naga Venom Mage began the quest for the Orb.
     0 | D:1      | Reached XP level 1. HP: 15/15 MP: 3/3
   270 | D:1      | Reached skill level 1 in Conjurations
   270 | D:1      | Reached XP level 2. HP: 22/22 MP: 1/5
   509 | D:1      | Found Juzaxt's Jewellery Shoppe.
   522 | D:1      | Reached XP level 3. HP: 28/28 MP: 5/7
   526 | D:1      | Learned a level 3 spell: Mephitic Cloud
   530 | D:1      | Learned a level 3 spell: Ignite Poison
  1313 | D:2      | Reached XP level 4. HP: 36/36 MP: 6/8
  1313 | D:2      | Quit the game

Illustrated notes

Levels and vault maps discovered:
D:1:      giann_wishing_wells, layout_basic, serial_shops,
          nicolae_shop_waterfront
D:2:      layout_basic, hangedman_feature_mirror

Skill      XL: |  1  2  3 |
---------------+----------+-----
Conjurations   | 1 2 |  2.4
Spellcasting   | 3 |  3.1
Dodging        | |  1.5
Stealth        | |  3.0
Transmutations | |  1.0
Poison Magic   | |  4.0

Action                   |  1- 3 |  4- 6 || total
-------------------------+-------+-------++-------
Melee: Dagger            |     4 |       ||     4
 Cast: Sting             |    22 |       ||    22
 Abil: Spit Poison       |    32 |       ||    32
Dodge: Dodged            |     4 |       ||     4

Table legend: (Time is in decaauts)
 A = Elapsed time spent in this place.
 B = Non-inter-level travel time spent in this place.
 C = Inter-level travel time spent in this place.
 D = Time resting spent in this place.
 E = Time spent auto-exploring this place.
 F = Levels seen in this place.
 G = Mean time per level.
                   A        B        C        D        E       F      G
               +--------+--------+--------+--------+--------+-----+--------+
         Total |   1603 |   1554 |     49 |    455 |    776 |   2 |  801.5 |
       Dungeon |   1603 |   1554 |     49 |    455 |    776 |   2 |  801.5 |
               +--------+--------+--------+--------+--------+-----+--------+

Top non-repeatable levels by time:
     D:1: 1243 daAuts
     D:2: 360 daAuts
